 Dungeon Crawl Stone Soup version 0.28.0-1-gb440e238dd (webtiles) character file.

Game seed: 7618051342447647139

69 issech the Cudgeller (level 4, 0/44 HPs)
             Began as a Troll Monk on Feb 24, 2022.
             Slain by a gnoll (5 damage)
             ... on level 2 of the Dungeon.
             The game lasted 00:04:23 (1521 turns).

issech the Cudgeller (Troll Monk)                   Turns: 1521, Time: 00:04:24

Health: 0/44       AC:  4    Str: 19    XL:     4   Next: 2%
Magic:  3/3        EV: 10    Int:  6    God:
Gold:   70         SH:  0    Dex: 14    Spells: 3/3 levels left

rFire   . . .      SeeInvis .   a - +0 mace
rCold   . . .      Faith    .   (no shield)
rNeg    . . .      Spirit   .   b - +0 robe
rPois   .          Reflect  .   (helmet restricted)
rElec   .          Harm     .   (no cloak)
rCorr   .          Rampage  .   (gloves unavailable)
Will    .....                   (boots unavailable)
Stlth   ++........              (no amulet)
HPRegen 0.94/turn               (no ring)
MPRegen 0.08/turn               (no ring)

@: no status effects
A: large, unfitting armour, claws 3, regeneration 1, shaggy fur 1, tough skin 1
a: no special abilities


You were on level 2 of the Dungeon.
You visited 1 branch of the dungeon, and saw 2 of its levels.

You collected 70 gold pieces.

Inventory:

Hand Weapons
 a - a +0 mace (weapon)
Missiles
 c - 64 stones (quivered)
 d - 57 sling bullets
 g - 56 arrows
Armour
 b - a +0 robe (worn)
Scrolls
 e - 3 scrolls of identify {unknown}
 f - a scroll of teleportation {unknown}
 h - a scroll of amnesia {unknown}
 i - a scroll of fear {unknown}
 j - a scroll of blinking {unknown}
 k - a scroll of enchant weapon {unknown}
 l - a scroll of immolation {unknown}
Potions
 m - a potion of attraction {unknown}


   Skills:
 + Level 2.8 Fighting
 + Level 3.6 Maces & Flails
 + Level 2.8 Dodging
 + Level 1.1 Stealth


You had 3 spell levels left.
You didn't know any spells.
Your spell library contained the following spells:

 Spells                   Type           Power      Damage    Failure   Level
 Sting                    Tmut/Pois      0%         1d3       45%         1
 Poisonous Vapours        Pois/Air       0%         N/A       58%         2
 Tukima's Dance           Hex            0%         N/A       83%         3
 Anguish                  Hex/Necr       0%         N/A       99%         4
 Olgreb's Toxic Radiance  Pois           0%         N/A       99%         4
 Enfeeble                 Hex            0%         N/A       100%        7


Dungeon Overview and Level Annotations

Branches:
Dungeon (2/15)

Altars:
Vehumet


Innate Abilities, Weirdness & Mutations

You are too large for most types of armour.
You have claws for hands.
Your natural rate of healing is unusually fast.
You are covered in fur. (AC +1)
You have tough skin. (AC +1)


Message History

The gnoll completely misses you. The gnoll barely misses you.
There is an open door here.
You sock the gnoll!
You kill the gnoll!
The gnoll barely misses you.
You have reached level 4!
The gnoll hits you from afar with a +0 halberd!
* * * LOW HITPOINT WARNING * * *
The goblin shoots a stone.
The stone hits you.
* * * LOW HITPOINT WARNING * * *
The goblin shoots a stone.
The stone closely misses you. The bat barely misses you.
The goblin shoots a stone.
The stone hits you. The bat barely misses you. The bat barely misses you.
The bat hits you but does no damage. The bat hits you but does no damage.
The bat barely misses you. The bat barely misses you.
The bat barely misses you. The gnoll hits you with a +0 club.
You closely miss the gnoll. The bat hits you but does no damage.
The bat hits you. The gnoll hits you with a +0 club. The bat barely misses you.
The gnoll hits you with a +0 club.
You hit the gnoll.
The gnoll is lightly wounded.
The bat closely misses you.
The gnoll hits you from afar with a +0 halberd.
The gnoll hits you with a +0 club!
* * * LOW HITPOINT WARNING * * *
The bat hits you but does no damage.
You barely miss the gnoll.
The gnoll is lightly wounded.
The bat hits you but does no damage. The gnoll closely misses you.
The gnoll hits you with a +0 club.
* * * LOW HITPOINT WARNING * * *
You hit the gnoll but do no damage.
The gnoll is lightly wounded.
The bat hits you but does no damage. The gnoll closely misses you.
The gnoll hits you with a +0 club.
You die...

##......# #..._...#############
#############....................
#...............................>
#.############....##g######.####.
.......#######....##.............
.......g....g.....##.............
..b....######.######.............
#b####.# #....g@.gg.............
#.# ### #.....b................
#g# #######.≈.≈≈..P≈......≈≈
#g### #≈≈≈≈≈≈≈≈≈≈≈≈≈≈..≈.≈..≈P
....# ≈≈≈≈≈≈≈≈≈≈≈≈≈≈≈≈≈≈≈≈≈≈≈
.>..# #≈≈≈≈≈..≈≈≈≈≈≈≈≈≈≈≈≈≈ ....#
####.≈.P≈≈≈≈≈≈≈≈≈≈P≈≈≈ ....#
#...≈......P.≈≈....≈≈≈ ....#
#..........†.......[≈≈


You could see 2 gnolls, a goblin and a bat.

Vanquished Creatures
  An adder (D:2)
  A gnoll (D:2)
  2 dart slugs (D:2)
  5 ball pythons
  3 endoplasms (D:2)
  5 giant cockroaches (D:1)
  4 goblins
  4 hobgoblins (D:2)
  3 jackals (D:1)
  3 quokkas
  2 bats (D:2)
  A frilled lizard (D:2)
  2 kobolds (D:2)
  5 rats
41 creatures vanquished.

Vanquished Creatures (others)
  12 plants (D:2)
12 creatures vanquished.

Grand Total: 53 creatures vanquished

Notes
Turn   | Place    | Note
-------+----------+-------------------------------------------
     0 | D:1      | issech the Troll Monk began the quest for the Orb.
     0 | D:1      | Reached XP level 1. HP: 22/22 MP: 0/0
   245 | D:1      | Reached XP level 2. HP: 29/29 MP: 1/1
   393 | D:1      | Reached skill level 3 in Maces & Flails
   642 | D:1      | Found a faded altar of an unknown god.
   896 | D:2      | Reached XP level 3. HP: 36/36 MP: 2/2
  1302 | D:2      | Found a radiant altar of Vehumet.
  1492 | D:2      | Reached XP level 4. HP: 15/44 MP: 3/3
  1521 | D:2      | Slain by a gnoll

Illustrated notes

Levels and vault maps discovered:
D:1:      dpeg_arrival_prison, layout_basic,
          shapermc_ecumenical_altar_totnotflames
D:2:      minmay_chambers_of_twos, layout_basic, basic_altar, chequers_big_river

Skill      XL: |  1  2 |
---------------+-------+-----
Maces & Flails | 3 |  3.6
Fighting       | |  2.8
Dodging        | |  2.8
Stealth        | |  1.1

Action                   |  1- 3 |  4- 6 || total
-------------------------+-------+-------++-------
Melee: Mace              |   126 |     4 ||   130
 Stab: Sleeping          |     1 |       ||     1
Armor: Robe              |    51 |     6 ||    57
Dodge: Dodged            |   103 |    11 ||   114
